 Seeded DCSS version 0.29-a0-841-g116ddc6ace (webtiles) character file.

Game seed: 5531927297064261816 (custom seed)

22745 avis the Skirmisher (level 12, -7/99 (104) HPs)
             Began as a Demigod Ice Elementalist on July 14, 2022.
             Mangled by a spectral wolf spider (10 damage)
             ... in a Gauntlet on July 15, 2022.
             The game lasted 02:29:37 (18981 turns).

avis the Skirmisher (Demigod Ice Elementalist)     Turns: 18981, Time: 02:29:40

HP:   -7/99 (104)   AC: 10    Str:  9    XL:     12   Next: 33%
MP:   18/23         EV: 12    Int: 23    God:
Gold: 806           SH:  0    Dex: 30    Spells: 12/21 levels left

rFire   + . .      SeeInvis .   b - +2 shortbow (freeze)
rCold   . . .      Faith    .   (shield currently unavailable)
rNeg    . . .      Spirit   .   H - +0 troll leather armour
rPois   .          Reflect  .   r - +0 hat {Will+}
rElec   .          Harm     .   (no cloak)
rCorr   .          Rampage  .   (no gloves)
Will    ++...      NoTele   +   (no boots)
Stlth   +++.......              o - amulet of the acrobat
HPRegen 1.06/turn               G - +6 ring of intelligence
MPRegen 0.18/turn               K - ring of protection from fire

@: lethally poisoned (-7 -> -17), ice-armoured, freezing walls, slowed, lightly
drained, very slow
A: high MP 1, forlorn, divine attributes, horns 1
a: no special abilities


You were in a Gauntlet.
You visited 3 branches of the dungeon, and saw 13 of its levels.
You also visited: Sewer and Gauntlet.

You collected 806 gold pieces.

Inventory:

Hand Weapons
 a - a +3 falchion
 b - a +2 shortbow of freezing (weapon)
 h - a +0 falchion of protection
Missiles
 q - 59 poisoned darts
 D - 5 throwing nets
 L - 3 curare-tipped darts
Armour
 r - a +0 hat of willpower (worn)
 H - a +0 troll leather armour (worn)
Jewellery
 j - a +6 ring of strength
 o - an amulet of the acrobat (around neck)
 G - a +6 ring of intelligence (left hand)
 K - a ring of protection from fire (right hand)
Wands
 A - a wand of charming (4)
 I - a wand of light (8)
 M - a wand of flame (50)
 N - a wand of polymorph (6)
Scrolls
 f - 3 scrolls of fog {unknown}
 g - a scroll of blinking {unknown}
 l - 2 scrolls of brand weapon {unknown}
 m - 4 scrolls of teleportation
 s - 2 scrolls of noise {unknown}
 t - 2 scrolls of magic mapping
 y - 2 scrolls of poison {unknown}
 B - a scroll of fear {unknown}
 Q - a scroll of enchant armour {unknown}
 R - a scroll of enchant weapon {unknown}
Potions
 c - 5 potions of flight
 d - a potion of lignification
 e - a potion of attraction
 i - a potion of cancellation {unknown}
 k - 5 potions of curing
 v - 6 potions of magic
 C - 3 potions of might
 J - a potion of haste
 P - 2 potions of ambrosia


   Skills:
 * Level 9.0 Fighting
 - Level 6.0 Long Blades
 - Level 14.0 Ranged Weapons
 - Level 1.7 Dodging
 - Level 1.7 Stealth
 - Level 5.0 Spellcasting
 - Level 8.0 Ice Magic


You had 12 spell levels left.
You knew the following spells:

 Your Spells              Type           Power      Damage    Failure   Level
a - Freeze                Ice            100%       1d11      1%          1
o - Ozocubu's Armour      Ice            42%        N/A       1%          3
p - Passwall              Tmut/Erth      4%         N/A       21%         2
r - Frozen Ramparts       Ice            84%        1d10      1%          3

Your spell library contained the following spells:

 Spells                   Type           Power      Damage    Failure   Level
 Ensorcelled Hibernation  Hex/Ice        48%        N/A       3%          2
 Apportation              Tloc           10%        N/A       13%         1
 Necrotise                Necr           20%        1d5       13%         1
 Summon Small Mammal      Summ           20%        N/A       13%         1
 Static Discharge         Conj/Air       5%         3-4/arc   21%         2
 Hailstorm                Conj/Ice       24%        3d7       26%         4
 Confusing Touch          Hex            5%         N/A       36%         3
 Swiftness                Air            5%         N/A       36%         3
 Animate Dead             Necr           5%         N/A       78%         4
 Dispel Undead            Necr           5%         3d7       78%         4
 Sticky Flame             Conj/Fire      5%         2d3       78%         4
 Yara's Violent Unravell  Hex/Tmut       2%         3d3       98%         5
 Ozocubu's Refrigeration  Ice            21%        4d9       99%         7
 Enfeeble                 Hex            2%         N/A       100%        7
 Haunt                    Necr/Summ      2%         N/A       100%        7
 Infestation              Necr           2%         N/A       100%        8


Dungeon Overview and Level Annotations

Branches:
Dungeon (11/15)            Temple (1/1) D:6            Lair (1/6) D:11
    Orc (0/2) D:11          Sewer (visited)         Gauntlet (1/1)

Annotations:
D:3 1 runed translucent door, kkgakdfjhgaksdf's ghost, weakling DgWr Gauntlet 7 transporters, exclusion: obsidian statue


Innate Abilities, Weirdness & Mutations

You have an increased reservoir of magic. (+10% MP)
You shall have no god before yourself.
Your divine heritage dramatically boosts your attributes as you level up.
You have a pair of small horns on your head.


Message History

Fire: b) +2 shortbow (freeze)
Press: ? - help, Q - select action, (/) - cycle Shift-Dir - straight line, f/p - death drake
Aim: a death drake (heavily wounded, slow, catching its breath, 67% to hit)
You shoot an arrow.
The arrow hits the spectral wolf spider.
The spectral wolf spider is moderately damaged.
You are engulfed in dark miasma.
You are lethally poisoned!
You feel as though you will be slow longer.
* * * LOW HITPOINT WARNING * * *
x2 You feel extremely sick.
The spectral wolf spider completely resists.
The wall freezes the spectral wolf spider but does no damage.
The spectral wolf spider misses you.
The spectral wolf spider closely misses you.
The centaur warrior zombie completely resists.
The wall freezes the centaur warrior zombie but does no damage.
The centaur warrior zombie barely misses you.
The centaur warrior zombie kicks you but does no damage.
The spectral wolf spider resists.
The wall freezes the spectral wolf spider.
The spectral wolf spider completely misses you.
The spectral wolf spider bites you.
* * * LOW HITPOINT WARNING * * *
You feel drained.
* * * LOW HITPOINT WARNING * * *
The centaur warrior zombie completely resists.
The wall freezes the centaur warrior zombie but does no damage.
The centaur warrior zombie hits you but does no damage.
The centaur warrior zombie kicks you.
* * * LOW HITPOINT WARNING * * *
The wall freezes the death drake!
You feel better.
You are engulfed in dark miasma.
You are lethally poisoned!
* * * LOW HITPOINT WARNING * * *
x2 You feel extremely sick.
The spectral wolf spider resists.
The wall freezes the spectral wolf spider.
The spectral wolf spider hits you!
You die...

.........#.8.#.........#..###
.#.##.##.#...#..##.##..#..#
.#.†.....#####.##.k.##$#..#####
.##†##.#.#...#.#.....#=#..#§8§#
..#.©#..©#©.©#....Z...©#..#§..#
..##.##..#...#.#.....#!#..#.8.#
...#.....#####.##...##.#..#...##
.#.##.##.#...#.Z##.##..#..#.8...
.........#...#..@Zk....#..#...##
##########...###########..#...#
...........§.............≈#.©.##
..........≈8≈............∩#.....
...........≈.............≈#.©.##
##########...###########..#...#
...≈≈....#...#.........#..#...##
G§≈..≈≈≈§#...#.##...##.#..#.8...
≈..≈..≈.≈#####..##.##.[#..#...##


You could see a death drake (slow), a spectral wolf spider and a centaur warrior
zombie.

Vanquished Creatures
  Gastronok (D:10)
  Harold (D:9)
  An anaconda (shapeshifter) (Gauntlet)
  A two-headed ogre (D:8)
  Urug (D:10)
  A soul eater (Gauntlet)
  2 manticores (D:11)
  An elephant (D:10)
  Psyche (D:9)
  2 kobold demonologists (D:10)
  A polar bear (D:9)
  8 trolls
  A tyrant leech (shapeshifter) (Gauntlet)
  3 wraiths
  2 wyverns (D:9)
  3 shadows
  2 unseen horror simulacra (D:9)
  24 yaks
  Grum (D:10)
  Edmund (D:5)
  4 acid dragons
  7 water moccasins
  3 sky beasts
  An ice beast (D:7)
  2 black bears
  3 orc warriors
  3 ogres
  A tengu (shapeshifter) (Gauntlet)
  5 wolves
  9 centaurs
  10 kobold brigands
  7 gnoll sergeants
  5 bullfrogs
  2 scorpions
  9 wights
  57 killer bees
  An electric eel (D:9)
  2 howler monkeys
  2 jellies (D:7)
  4 hounds
  3 gnoll boudas
  4 orc priests
  Terence (D:2)
  3 iguanas
  13 orc wizards
  A hell rat (D:7)
  A centaur simulacrum (D:9)
  36 gnolls
  6 adders
  7 river rats (D:7)
  3 shadow imps (Gauntlet)
  5 white imps
  A howler monkey simulacrum (D:9)
  5 ufetubi
  A worm (D:3)
  60 orcs
  5 endoplasms
  6 giant cockroaches
  6 goblins
  7 hobgoblins
  3 jackals (D:1)
  17 quokkas
  5 ball pythons
  4 bats
  5 frilled lizards
  31 kobolds
  24 rats
458 creatures vanquished.

Vanquished Creatures (others)
  An ufetubus (D:9)
  14 demonic plants (Gauntlet)
  39 fungi (D:11)
  54 plants (D:11)
108 creatures vanquished.

Grand Total: 566 creatures vanquished

Notes
Turn   | Place    | Note
-------+----------+-------------------------------------------
     0 | D:1      | avis the Demigod Ice Elementalist began the quest for the
                  | Orb.
     0 | D:1      | Reached XP level 1. HP: 14/14 MP: 5/5
    65 | D:1      | Reached skill level 1 in Fighting
   280 | D:1      | Reached XP level 2. HP: 23/23 MP: 2/7
  1330 | D:2      | Reached XP level 3. HP: 21/29 MP: 5/8
  1556 | D:2      | Noticed Terence
  1884 | D:2      | Identified the +1 robe of Noemmum {Rampage Slay+2}
  2074 | D:2      | Learned a level 3 spell: Ozocubu's Armour
  2297 | D:2      | Killed Terence
  2298 | D:2      | Reached XP level 4. HP: 28/36 MP: 3/11
  2728 | D:3      | Learned a level 3 spell: Frozen Ramparts
  3811 | D:3      | Found a runed translucent door.
  3813 | D:3      | Noticed kkgakdfjhgaksdf's ghost (weakling DgWr)
  4336 | D:4      | Reached XP level 5. HP: 36/41 MP: 10/12
  4432 | D:4      | Noticed an ogre
  4449 | D:4      | Killed an ogre
  4450 | D:4      | Reached skill level 5 in Ice Magic
  4912 | D:5      | Entered Level 5 of the Dungeon
  4963 | D:5      | Reached XP level 6. HP: 33/50 MP: 7/13
  5897 | D:5      | Reached XP level 7. HP: 47/57 MP: 7/16
  6064 | D:5      | Noticed Edmund
  6079 | D:5      | Killed Edmund
  7602 | D:6      | Reached XP level 8. HP: 66/66 MP: 11/18
  7680 | D:6      | Reached skill level 5 in Spellcasting
  7711 | D:6      | Found a glowing drain.
  7730 | Sewer    | Entered a sewer
  8074 | D:6      | Found a staircase to the Ecumenical Temple.
  8190 | D:6      | Identified the +4 spear "Loobe" {vorpal, *Noise Str+6
                  | Int+5}
  8787 | D:6      | Reached skill level 5 in Long Blades
  9314 | Temple   | Entered the Ecumenical Temple
 10076 | D:7      | Reached skill level 5 in Fighting
 10076 | D:7      | Reached XP level 9. HP: 42/74 MP: 17/20
 10471 | D:7      | Reached skill level 1 in Ranged Weapons
 10476 | D:7      | Reached skill level 2 in Ranged Weapons
 10493 | D:7      | Reached skill level 3 in Ranged Weapons
 10882 | Temple   | Gained mutation: Your spells are a little harder to cast,
                  | but a little more powerful. [potion of mutation]
 10882 | Temple   | Gained mutation: You have large cloven feet. [potion of
                  | mutation]
 10926 | D:7      | Reached skill level 4 in Ranged Weapons
 11677 | D:8      | Reached skill level 5 in Ranged Weapons
 11680 | D:8      | Noticed a two-headed ogre
 11686 | D:8      | Killed a two-headed ogre
 11687 | D:8      | Reached skill level 6 in Ranged Weapons
 11687 | D:8      | Reached XP level 10. HP: 73/83 MP: 15/21
 11766 | D:8      | Reached skill level 7 in Ranged Weapons
 12462 | D:9      | Noticed Psyche
 12496 | D:9      | Killed Psyche
 12497 | D:9      | Reached skill level 8 in Ranged Weapons
 12514 | D:9      | Noticed Harold
 12528 | D:9      | HP: 3/76 [wight/+0 trident (1)]
 12534 | D:9      | Killed Harold
 12934 | D:9      | Reached skill level 9 in Ranged Weapons
 13866 | D:9      | Reached XP level 11. HP: 82/92 MP: 14/22
 13869 | D:9      | Reached skill level 10 in Ranged Weapons
 14495 | Temple   | Lost mutation: You have large cloven feet. [potion of
                  | mutation]
 14495 | Temple   | Lost mutation: Your spells are a little harder to cast, but
                  | a little more powerful. [potion of mutation]
 14495 | Temple   | Gained mutation: You are dopey. (Int -2) [potion of
                  | mutation]
 14496 | Temple   | Lost mutation: You are dopey. (Int -2) [potion of mutation]
 14496 | Temple   | Gained mutation: A frigid envelope surrounds you and
                  | freezes all who hurt you. [potion of mutation]
 14496 | Temple   | Gained mutation: Armour fits poorly on your strangely
                  | shaped body. [potion of mutation]
 14496 | Temple   | Gained mutation: You occasionally lose the ability to read
                  | scrolls when taking damage. [potion of mutation]
 14497 | Temple   | Lost mutation: Armour fits poorly on your strangely shaped
                  | body. [potion of mutation]
 14497 | Temple   | Lost mutation: You occasionally lose the ability to read
                  | scrolls when taking damage. [potion of mutation]
 14497 | Temple   | Lost mutation: A frigid envelope surrounds you and freezes
                  | all who hurt you. [potion of mutation]
 14497 | Temple   | Gained mutation: Your muscles are strong. (Str +4, Int/Dex
                  | -1) [potion of mutation]
 14497 | Temple   | Gained mutation: You are partially covered in iridescent
                  | scales. (AC +2) [potion of mutation]
 14497 | Temple   | Gained mutation: Your body sometimes deteriorates upon
                  | taking damage. [potion of mutation]
 14498 | Temple   | Lost mutation: Your muscles are strong. (Str +4, Int/Dex
                  | -1) [potion of mutation]
 14498 | Temple   | Lost mutation: You are partially covered in iridescent
                  | scales. (AC +2) [potion of mutation]
 14498 | Temple   | Lost mutation: Your body sometimes deteriorates upon taking
                  | damage. [potion of mutation]
 14498 | Temple   | Gained mutation: You have a pair of small horns on your
                  | head. [potion of mutation]
 14583 | D:10     | Entered Level 10 of the Dungeon
 14583 | D:10     | Noticed Grum
 15173 | D:10     | Reached skill level 11 in Ranged Weapons
 15549 | D:10     | Noticed Gastronok
 15596 | D:10     | Killed Grum
 15886 | D:10     | Noticed Urug
 15915 | D:10     | Killed Urug
 15916 | D:10     | Reached skill level 12 in Ranged Weapons
 15941 | D:10     | Killed Gastronok
 16463 | D:10     | Learned a level 2 spell: Passwall
 16614 | D:10     | Reached XP level 12. HP: 85/104 MP: 16/23
 17473 | D:11     | Reached skill level 13 in Ranged Weapons
 17603 | D:11     | Found a staircase to the Lair.
 18292 | D:11     | Found a staircase to the Orcish Mines.
 18447 | Lair:1   | Entered Level 1 of the Lair of Beasts
 18464 | Lair:1   | Found a gate leading to a gauntlet.
 18476 | Gauntlet | Entered a Gauntlet
 18476 | Gauntlet | Found a transporter.
 18476 | Gauntlet | Found a transporter.
 18476 | Gauntlet | Found a transporter.
 18479 | Gauntlet | Found a transporter.
 18480 | Gauntlet | Found a transporter.
 18480 | Gauntlet | Found a transporter.
 18494 | Gauntlet | Found a transporter.
 18498 | Gauntlet | Found a transporter.
 18512 | Gauntlet | Found a transporter.
 18625 | Gauntlet | Found a transporter.
 18629 | Gauntlet | Found a transporter.
 18649 | Gauntlet | Found a transporter.
 18876 | Gauntlet | Noticed an anaconda
 18901 | Gauntlet | Killed an anaconda
 18902 | Gauntlet | Reached skill level 14 in Ranged Weapons
 18981 | Gauntlet | HP: 3/99 [poisoned by a death drake (dark miasma)]
 18981 | Gauntlet | Mangled by a spectral wolf spider

Illustrated notes

Levels and vault maps discovered:
D:1:      minmay_arrival_wavy_path, layout_loops_ring
D:2:      layout_loops_cross, minmay_misc_feat_hallway, uniq_terence
D:3:      layout_basic, ebering_ghost_sewer_d
D:4:      layout_loops_ring
D:5:      layout_layer_cave, uniq_edmund
D:6:      layout_loops_corners, temple_pool_b, gup_sewer_entry_pipe
D:7:      lemuel_ratsnest, layout_loops_ring, minmay_misc_feat_five
D:8:      layout_cave_pools, chequers_jeans, minivault_22
D:9:      layout_rooms, serial_ice, serial_ice_d, serial_ice_e, serial_ice_i,
          serial_ice_c, minmay_joined_circles, uniq_psyche, uniq_harold
D:10:     wad_woods_minihive, layout_irregular_city,
          chequers_temple_overflow_statue_of_worship, uniq_gastronok, uniq_urug,
          uniq_grum
D:11:     layout_loops_ring, due_lair_maze_entry_diamond, hiddenorc1_lemuel
Temple:   dpeg_five_rooms_temple
Lair:1:   layout_hall_layers, gauntlet_entry_generic, grunt_megastairs_4,
          serial_bayou_shore_a, lemuel_fruit_tree, uniq_amaemon, uniq_nergalle,
          uniq_fannar
Gauntlet: gammafunk_gauntlet_hard_choice [gammafunk_gauntlet_arena_arrow_garden,
          nicolae_gauntlet_arena_t_cross, nicolae_gauntlet_arena_flowing_pool,
          nicolae_gauntlet_arena_grate_2, gammafunk_gauntlet_arena_split_x,
          gammafunk_gauntlet_arena_split_diamond, gauntlet_exit_watery]

Skill      XL: |  1  2  3  4  5  6  7  8  9 10 11 12 |
---------------+-------------------------------------+-----
Fighting       | 1 2 3 4 5 6 7 9 |  9.0
Spellcasting   | 2 3 4 5 |  5.0
Ice Magic      | 4 5 6 7 8 |  8.0
Long Blades    | 2 4 6 |  6.0
Ranged Weapons | 6 9 12 14 | 14.0
Dodging        | |  1.7
Stealth        | |  1.7

Action                   |  1- 3 |  4- 6 |  7- 9 | 10-12 || total
-------------------------+-------+-------+-------+-------++-------
Melee: Battleaxe         |     4 |       |       |       ||     4
       Dagger            |    10 |    45 |     5 |       ||    60
       Falchion          |       |    21 |    10 |    79 ||   110
       Short sword       |       |    15 |   135 |       ||   150
       Flail             |       |       |     9 |       ||     9
       Punch             |       |       |     5 |       ||     5
       Kick              |       |       |     3 |     5 ||     8
       Headbutt          |       |       |       |    31 ||    31
 Fire: Shortbow          |       |       |   106 |   445 ||   551
Throw: Dart              |       |       |     3 |       ||     3
 Cast: Freeze            |    55 |    15 |    14 |    18 ||   102
       Ozocubu's Armour  |     1 |    15 |    36 |    60 ||   112
       Frozen Ramparts   |       |    17 |    33 |    72 ||   122
       Passwall          |       |       |       |     2 ||     2
  Use: Scroll            |       |       |     4 |     9 ||    13
       Potion            |       |       |     1 |    14 ||    15
 Stab: Sleeping          |     5 |     7 |     7 |       ||    19
       Distracted        |       |     2 |       |       ||     2
Armor: Robe              |     6 |    24 |    63 |    44 ||   137
       Skin              |       |       |       |    28 ||    28
       Troll leather arm |       |       |       |   142 ||   142
Dodge: Dodged            |    24 |    49 |   144 |   298 ||   515

Table legend: (Time is in decaauts)
 A = Elapsed time spent in this place.
 B = Non-inter-level travel time spent in this place.
 C = Inter-level travel time spent in this place.
 D = Time resting spent in this place.
 E = Time spent auto-exploring this place.
 F = Levels seen in this place.
 G = Mean time per level.
                   A        B        C        D        E       F      G
               +--------+--------+--------+--------+--------+-----+--------+
         Total |  19039 |  17430 |   1609 |   7300 |   6000 |  15 | 1269.3 |
       Dungeon |  18051 |  16445 |   1606 |   6999 |   5977 |  11 | 1641.0 |
        Temple |    131 |    128 |      3 |     44 |      0 |   1 |  131.0 |
          Lair |     28 |     28 |      0 |      0 |      0 |   1 |   28.0 |
         Sewer |    325 |    325 |      0 |    161 |     23 |   1 |  325.0 |
      Gauntlet |    503 |    503 |      0 |     96 |      0 |   1 |  503.0 |
               +--------+--------+--------+--------+--------+-----+--------+

Top non-repeatable levels by time:
    D:10: 2539 daAuts
     D:5: 2494 daAuts
     D:9: 1983 daAuts
     D:7: 1785 daAuts
     D:6: 1733 daAuts
     D:2: 1399 daAuts
    D:11: 1266 daAuts
     D:1: 1253 daAuts
     D:4: 1250 daAuts
     D:3: 1248 daAuts
     D:8: 1095 daAuts
Gauntlet: 503 daAuts
   Sewer: 325 daAuts
  Temple: 131 daAuts
  Lair:1: 28 daAuts
